 Dungeon Crawl Stone Soup version 0.19.1 (webtiles) character file.

15626 Milesaru the Cleaver (level 12, -11/162 (165) HPs)
             Began as a Minotaur Berserker on Nov 23, 2016.
             Was a High Priest of Trog.
             Mangled by a white ugly thing (37 damage)
             ... on level 12 of the Dungeon on Nov 25, 2016.
             The game lasted 00:34:08 (11503 turns).

Milesaru the Cleaver (Minotaur Berserker)          Turns: 11503, Time: 00:34:17

HP:   -11/162 (165) AC: 16    Str: 33    XL:     12   Next: 2%
MP:   20/20         EV:  9    Int:  4    God:    Trog [*****.]
Gold: 610           SH:  6    Dex: 13    Spells: 0 memorised, 11 levels left

rFire  + . .     SeeInvis .     H - +2 hand axe of Cideem {freeze, MP+9 Str+4}
rCold  x . .     Gourm    .     b - +0 plate armour
rNeg   . . .     Faith    .     v - +0 buckler
rPois  .         Spirit   .     V - +0 hat
rElec  .         Reflect  .     (no cloak)
rCorr  .         Harm     .     (no gloves)
MR     .....                    g - +0 pair of boots
Stlth  ..........               X - amulet of magic regeneration
                                U - ring of fire
                                h - ring of stealth

@: berserking, very quick
A: retaliatory headbutt, horns 2
a: Berserk, Trog's Hand, Brothers in Arms, Burn Spellbooks, Renounce Religion


You were on level 12 of the Dungeon.
You worshipped Trog.
Trog was extremely pleased with you.
You were hungry.

You visited 1 branch of the dungeon, and saw 12 of its levels.

You collected 678 gold pieces.
You spent 68 gold pieces at shops.

Inventory:

Hand Weapons
 H - the +2 hand axe of Cideem (weapon) {freeze, MP+9 Str+4}
   (You found it on level 7 of the Dungeon)

   It has been specially enchanted to freeze those struck by it, causing extra
   injury to most foes and up to half again as much damage against particularly
   susceptible opponents.
   It can also slow down cold-blooded creatures.
   It affects your strength (+4).
   It affects your magic capacity (+9).
 P - a +1 antimagic broad axe
Missiles
 A - 4 throwing nets (quivered)
Armour
 b - a +0 plate armour (worn)
 g - a +0 pair of boots (worn)
 m - a +0 shield
 t - a +0 large shield
 v - a +0 buckler (worn)
 V - a +0 hat (worn)
Jewellery
 h - a ring of stealth (left hand)
 U - a ring of fire (right hand)
 X - an amulet of magic regeneration (around neck)
Wands
 a - a wand of confusion (40/48)
 p - a wand of confusion (12/48)
 x - a wand of lightning (11/15)
 C - a wand of lightning (5/15)
 M - a wand of confusion (25/48)
 W - a wand of lightning (2/15)
Scrolls
 f - 4 scrolls of teleportation
 i - 2 scrolls of blinking
 j - 6 scrolls of remove curse
 k - 2 scrolls of enchant armour {unknown}
 n - 2 scrolls of recharging
 r - 5 scrolls of magic mapping
 w - 4 scrolls of random uselessness {unknown}
 y - 3 scrolls of immolation {unknown}
 D - a scroll of torment {unknown}
 J - 2 scrolls of noise {unknown}
 K - a scroll of enchant weapon {unknown}
 O - 2 scrolls of fear {unknown}
 R - 2 scrolls of identify
Potions
 e - a potion of might {unknown}
 o - 3 potions of haste
 q - 3 potions of degeneration
 s - a potion of lignification {unknown}
 u - 2 potions of agility {unknown}
 z - 2 potions of cancellation
 B - a potion of flight {unknown}
 E - a potion of ambrosia {unknown}
 F - 3 potions of heal wounds {unknown}
 L - 5 potions of curing
 N - a potion of berserk rage {unknown}
 S - a potion of invisibility {unknown}
Books
 G - a book of Air

   Spells                             Type                      Level
   a - Shock                          Conjuration/Air              1
   b - Swiftness                      Charms/Air                   2
   c - Repel Missiles                 Charms/Air                   2
   d - Static Discharge               Conjuration/Air              3
   e - Lightning Bolt                 Conjuration/Air              5
   Trog disapproves of the use of such an item.
 Q - a book of Necromancy

   Spells                             Type                      Level
   a - Pain                           Necromancy                   1
   b - Animate Skeleton               Necromancy                   1
   c - Vampiric Draining              Necromancy                   3
   d - Regeneration                   Charms/Necromancy            3
   e - Animate Dead                   Necromancy                   4
   f - Control Undead                 Necromancy                   4
   Trog disapproves of the use of such an item.
Comestibles
 c - 10 bread rations
 d - 3 slices of pizza
 l - 6 meat rations
 I - 8 beef jerkies
 T - a chunk of flesh


   Skills:
 + Level 11.2 Fighting
 * Level 14.9 Axes
 + Level 10.8 Armour
 - Level 2.2 Dodging
 + Level 9.6 Shields


You had 11 spell levels left.
You didn't know any spells.

Dungeon Overview and Level Annotations

Branches:
Dungeon (12/15)            Temple (0/1) D:4            Lair (0/6) D:10
    Orc: D:9-12

Altars:
Ashenzari
Fedhas
Gozag
Hepliaklqana
Makhleb
Nemelex Xobeh
Okawaru
Qazlal
Ru
Sif Muna
Xom
Yredelemnul
Zin
The Shining One

Shops:
D:4 [   D:5 ?   D:9 :   D:11 %[


Innate Abilities, Weirdness & Mutations

You reflexively headbutt those who attack you in melee.
You have a pair of horns on your head.


Message History

Your plate armour prevents you from hitting the white ugly thing.
You headbutt the white ugly thing.
The white ugly thing is lightly wounded.
You hit the scorpion. You freeze the scorpion.
The scorpion stings you but does no damage.
You slash the white ugly thing! You freeze the white ugly thing.
The white ugly thing is moderately wounded.
You hit the scorpion. You freeze the scorpion.
The white ugly thing tentacle-slaps you!
The white ugly thing freezes you!!!
You feel a terrible chill!
* * * LOW HITPOINT WARNING * * *
The scorpion stings you but does no damage.
You block the scorpion's attack.
A red film seems to cover your vision as you go berserk!
You feel yourself moving faster!
You feel mighty!
You are feeling hungry.
The white ugly thing tentacle-slaps you!
* * * LOW HITPOINT WARNING * * *
The white ugly thing freezes you!!!
You feel a terrible chill!
You die...

#.# #.# #. #.# #.# #.#
#.#. #.# #.# #.#.# #.#
##.###..#.###.# #...
..###..#.# # #..#
#..#.#.#.#######
#.##..###.#....su.......
.#........#..#.#@#######
#.##..###........#
#.##..###.#..#.#.#
#.##........)....#
#.##.####.####.#.#
#.).......# #.#.#
#.##.###### #.#.#
#.##... ..#.# ..######
###.#


You could see a white ugly thing and a scorpion.

Vanquished Creatures
  Josephine (D:10)
  Erica (D:8)
  A hill giant (D:12)
  An elephant (D:10)
  Maurice (D:11)
  A troll (D:11)
  A hornet (D:11)
  A two-headed ogre (D:8)
  5 hippogriffs
  Sigmund (D:4)
  2 wyverns
  7 wraiths
  23 yaks
  A hungry ghost (D:7)
  A steam dragon (D:9)
  2 orc warriors
  An ice beast (D:8)
  4 sky beasts
  A black bear (D:7)
  5 necrophages
  2 eyes of draining (D:10)
  4 phantoms
  4 ogres
  The ghost of removeelyvilon the Insei, an amateur MfTm (D:3)
  3 centaurs
  2 crocodiles
  9 bullfrogs
  A scorpion (D:4)
  8 killer bees (D:9)
  8 wights
  2 howler monkeys (D:9)
  3 electric eels (D:9)
  3 crimson imps
  4 bullfrog zombies
  3 centaur zombies
  7 hounds
  A gnoll shaman (D:5)
  A centaur skeleton (D:4)
  4 orc priests
  7 jellies
  3 bullfrog skeletons
  6 iguanas
  11 orc wizards
  5 worker ants
  A hound zombie (D:11)
  A hound skeleton (D:4)
  3 worker ant zombies
  Robin (D:2)
  9 gnolls
  14 adders
  2 oozes
  2 worms
  3 dart slugs
  5 leopard geckos
  26 orcs
  7 ball pythons
  7 giant cockroaches
  18 goblins
  11 hobgoblins
  4 jackals (D:1)
  3 quokkas
  4 bats (D:1)
  5 frilled lizards
  A jackal skeleton (D:9)
  9 kobolds
  A leopard gecko zombie (D:6)
  A quokka skeleton (D:6)
  21 rats
  A bush (D:11)
  2 plants (D:11)
325 creatures vanquished.

Vanquished Creatures (others)
  A plant (D:11)
1 creature vanquished.

Grand Total: 326 creatures vanquished

Notes
Turn   | Place    | Note
-------+----------+-------------------------------------------
     0 | D:1      | Milesaru the Minotaur Berserker began the quest for the Orb.
     0 | D:1      | Reached XP level 1. HP: 19/19 MP: 0/0
    30 | D:1      | Reached XP level 2. HP: 20/27 MP: 1/1
    31 | D:1      | Upgraded the game from 0.19.0-26-g9e9c210 to 0.19.1
    86 | D:1      | Reached skill level 4 in Axes
   148 | D:1      | Reached XP level 3. HP: 16/33 MP: 2/2
   182 | D:1      | Reached ** piety under Trog
   477 | D:1      | Found a sparkling altar of Nemelex Xobeh.
   781 | D:2      | Reached XP level 4. HP: 32/41 MP: 3/3
   791 | D:2      | Reached skill level 5 in Axes
  1025 | D:2      | Noticed Robin
  1039 | D:2      | Killed Robin
  1319 | D:2      | Reached *** piety under Trog
  1581 | D:3      | Found a basalt altar of Yredelemnul.
  1589 | D:3      | Reached XP level 5. HP: 44/47 MP: 4/4
  1649 | D:3      | Found an iron altar of Okawaru.
  1653 | D:3      | Found a shattered altar of Ashenzari.
  1658 | D:3      | Found a shimmering altar of Xom.
  1824 | D:3      | Reached skill level 6 in Axes
  1829 | D:3      | Reached skill level 5 in Fighting
  1964 | D:3      | Noticed removeelyvilon's ghost (amateur MfTm)
  2006 | D:3      | Killed removeelyvilon's ghost
  2006 | D:3      | Received a gift from Trog
  2006 | D:3      | Reached XP level 6. HP: 56/56 MP: 5/5
  2327 | D:3      | Found a burning altar of Makhleb.
  2329 | D:3      | Noticed a balrug
  2377 | D:3      | Found a glowing silver altar of Zin.
  2378 | D:3      | Noticed an angel
  2440 | D:4      | Noticed Sigmund
  2572 | D:4      | Killed Sigmund
  2572 | D:4      | Reached **** piety under Trog
  2572 | D:4      | Reached skill level 7 in Axes
  2572 | D:4      | Reached XP level 7. HP: 62/62 MP: 6/6
  2600 | D:4      | Found Niunn's Antique Armour Shoppe.
  2772 | D:4      | Reached skill level 5 in Armour
  2932 | D:4      | Reached skill level 1 in Shields
  2962 | D:4      | Reached skill level 8 in Axes
  3104 | D:4      | Found a staircase to the Ecumenical Temple.
  3194 | D:4      | Found a sparkling altar of Nemelex Xobeh.
  3334 | D:5      | Entered Level 5 of the Dungeon
  3377 | D:5      | Found Ejut Eru Peh's Magic Scroll Boutique.
  3472 | D:5      | Reached XP level 8. HP: 31/71 MP: 7/7
  3768 | D:5      | Found a deep blue altar of Sif Muna.
  3896 | D:5      | Got an ichor-stained leather armour
  3907 | D:5      | Identified the cursed +0 leather armour "Denouv" {rN+ MR+} (You found it on level 5 of the Dungeon)
  4178 | D:5      | Found an opulent altar of Gozag.
  4209 | D:5      | Reached skill level 9 in Axes
  5580 | D:7      | Reached skill level 10 in Axes
  5604 | D:7      | Reached XP level 9. HP: 28/79 MP: 8/8
  5606 | D:7      | Got a steaming hand axe
  5607 | D:7      | Identified the +2 hand axe of Cideem {freeze, MP+9 Str+4} (You found it on level 7 of the Dungeon)
  5774 | D:7      | Reached ***** piety under Trog
  5857 | D:7      | Found a sacrificial altar of Ru.
  5984 | D:7      | Reached skill level 5 in Shields
  6359 | D:8      | Reached skill level 11 in Axes
  6632 | D:8      | Noticed Erica
  6642 | D:8      | Killed Erica
  6770 | D:8      | Reached XP level 10. HP: 78/90 MP: 9/9
  6799 | D:8      | Reached skill level 12 in Axes
  6886 | D:8      | Found a hazy altar of Hepliaklqana.
  7041 | D:9      | Received a gift from Trog
  7810 | D:9      | Found a glowing golden altar of the Shining One.
  8335 | D:9      | Reached skill level 13 in Axes
  9279 | D:9      | Reached skill level 10 in Fighting
  9293 | D:9      | Found Lidady's Book Boutique.
  9371 | D:9      | Found a stormy altar of Qazlal.
  9379 | D:9      | Reached XP level 11. HP: 81/99 MP: 10/10
  9399 | D:10     | Entered Level 10 of the Dungeon
  9482 | D:10     | Found a staircase to the Lair.
  9599 | D:10     | Noticed Josephine
  9613 | D:10     | Killed Josephine
 10341 | D:10     | Reached skill level 14 in Axes
 10341 | D:10     | Reached skill level 10 in Armour
 10858 | D:11     | Noticed Maurice
 10869 | D:11     | Killed Maurice
 10971 | D:11     | Found Cimnig's Armour Shoppe.
 10974 | D:11     | Bought a +0 hat for 68 gold pieces
 11061 | D:11     | Found Polug's Food Shop.
 11123 | D:11     | Found a blossoming altar of Fedhas.
 11361 | D:12     | Noticed a hill giant
 11396 | D:12     | Killed a hill giant
 11423 | D:12     | Reached XP level 12. HP: 60/108 MP: 11/11
 11503 | D:12     | Mangled by a white ugly thing

Skill      XL: |  1  2  3  4  5  6  7  8  9 10 11 |
---------------+----------------------------------+-----
Fighting       | 4 5 6 7 8 10 11 | 11.2
Axes           | 4 5 6 7 8 10 11 13 14 | 14.9
Armour         | 3 4 5 6 8 9 10 | 10.8
Shields        | 2 4 6 8 9 |  9.6
Dodging        | |  2.2

Action                   |  1- 3 |  4- 6 |  7- 9 | 10-12 || total
-------------------------+-------+-------+-------+-------++-------
Melee: Hand axe          |    66 |   144 |   338 |   510 ||  1058
       Headbutt          |     4 |    24 |    81 |   147 ||   256
Invok: Berserk           |       |     5 |     1 |     5 ||    11
       Trog's Hand       |       |     1 |       |       ||     1
       Brothers in Arms  |       |       |       |     1 ||     1
Evoke: Wand              |       |       |       |    12 ||    12
  Use: Scroll            |       |       |     9 |     1 ||    10
 Stab: Sleeping          |     1 |     2 |     2 |       ||     5
  Eat: Chunk             |       |    10 |    14 |    18 ||    42
       Pizza             |       |       |     1 |       ||     1
       Beef jerky        |       |       |     1 |       ||     1
       Royal jelly       |       |       |       |     1 ||     1
Armor: Animal skin       |    12 |    20 |    14 |       ||    46
       Plate armour      |       |       |    51 |   207 ||   258
       Leather armour    |       |       |    11 |       ||    11
       Ring mail         |       |       |     8 |       ||     8
Dodge: Dodged            |    43 |    83 |   122 |   102 ||   350
Block: Buckler           |       |       |    55 |    84 ||   139
